cohdb
Replays
Latest Replays
All Replays
Popular Replays
Top Player Replays
Match Explorer
How It Works
Community
CoH3 Stats
Reddit
Sign in to upload your games and track your stats! →
Sign in with Steam
Match 38898768
Unlisted
Match 38898768
Overview
Messages
Build Orders
End
Selects Airborne Battlegroup
Selects Heavy Machine Gun Paradrop
Heavy Machine Gun Paradrop
Construct Weapon Support Center
Bazooka Squad
Heavy Machine Gun Paradrop
Selects Paratrooper Squad Paradrop
Paratrooper Squad Paradrop
Paratrooper Squad Paradrop
Improved M9 Bazooka Rockets
Infantry Support Center
Selects Anti-tank Gun Team Paradrop
Anti-tank Gun Team Paradrop
Survival Training
Advanced Logistics
Selects Recon Loiter
Construct Tank Depot
Frost233233
Michty Action X
Carecup
Tanith's Finest
BÖRK
Andolas
A4ELOVEKMALEKULA
Calm
0
0
Comments
sign in to comment!
No comments posted yet!